[Event "SS Manhem Chess Week 2022: Goteborg Open"]
[Site "Schackcentrum, Vegagatan 20, Gothenburg, Sweden"]
[Date "2022.08.12"]
[Round "1.1"]
[White "Westman, Lennart"]
[Black "Heimisson, Hilmir Freyr"]
[Result "0-1"]
[TimeControl "15 minutes + 5 seconds per move from move one (Round 1 - 4) / 90 minutes + 30 seconds per move from move one (Round 5 - 8)"]
[BlackTitle "IM"]
[WhiteFideId "1718690"]
[BlackFideId "2309998"]
[WhiteElo "1655"]
[BlackElo "2323"]

1. e4 c5 2. Nf3 d6 3. d3 Nf6 4. g3 g6 5. Bg2 Bg7 6. O-O O-O 7. Nbd2 Nc6 8. Re1 Bd7 9. Nf1 Rb8 10. c3 b5 11. d4 cxd4 12. cxd4 Bg4 13.
h3 Bxf3 14. Bxf3 Nd7 15. Be3 e5 16. d5 Nd4 17. Bg2 Nb6 18. f4 Nc4 19. Bxd4 exd4 20. b3 Nb6 21. Rc1 Rc8 22. Qd3 Qd7 23.
Kh2 Rfe8 24. g4 h6 25. Ng3 b4 26. Rc6 Rxc6 27. dxc6 Qxc6 28. e5 Qc3 29. Qb5 Re7 30. Rf1 dxe5 31. f5 Nd7 32. Ne4 Qc7 33. f6 Nxf6 34. Nxf6+ Bxf6 35. Rxf6 e4+ 36.
Kh1 d3 37. Qd5 Kg7 38. Rc6 Qe5 39. Qxe5+ Rxe5 40. Rd6 e3 0-1

[Event "SS Manhem Chess Week 2022: Goteborg Open"]
[Site "Schackcentrum, Vegagatan 20, Gothenburg, Sweden"]
[Date "2022.08.12"]
[Round "1.2"]
[White "Jacobsen, Mikkel Manosri"]
[Black "Shchetinin, Oleg"]
[Result "1-0"]
[TimeControl "15 minutes + 5 seconds per move from move one (Round 1 - 4) / 90 minutes + 30 seconds per move from move one (Round 5 - 8)"]
[WhiteTitle "FM"]
[WhiteFideId "1444514"]
[BlackFideId "1740210"]
[WhiteElo "2320"]
[BlackElo "1643"]

1. d4 Nf6 2. c4 e6 3. Nf3 c5 4. d5 g6 5. Nc3 Bg7 6. e4 exd5 7. cxd5 d6 8. Nd2 O-O 9. Be2 Nbd7 10.
O-O a6 11. a4 Re8 12. a5 b5 13. axb6 Qxb6 14. Nc4 Qb8 15. Qc2 Nb6 16. Na5 Bb7 17. Bf4 Nc8 18. Ra3 Qc7 19. Rfa1 Nd7 20.
h3 Be5 21. Be3 Ncb6 22. Nxb7 Qxb7 23. Bxa6 Qc7 24. Bb5 Rxa3 25. Rxa3 Ra8 26. Bc6 Rxa3 27. bxa3 Nb8 28. Bb5 N6d7 29. a4 Qa5 30. Bd2 Qa7 31.
Nd1 Na6 32. Ne3 Nb6 33. a5 Nc8 34. Nc4 Nc7 35. Bd7 Na6 36. Nxe5 dxe5 37. Bxc8 Nb4 38. Qa4 Nd3 39. Qc4 Nf4 40.
g3 Qc7 41. gxf4 Qxc8 42. fxe5 Kf8 43. e6 fxe6 44. dxe6 Ke7 45. Bg5+ 1-0

[Event "SS Manhem Chess Week 2022: Goteborg Open"]
[Site "Schackcentrum, Vegagatan 20, Gothenburg, Sweden"]
[Date "2022.08.12"]
[Round "1.3"]
[White "Sundin, Sven-Ingvar"]
[Black "Nygren, Kim"]
[Result "0-1"]
[TimeControl "15 minutes + 5 seconds per move from move one (Round 1 - 4) / 90 minutes + 30 seconds per move from move one (Round 5 - 8)"]
[BlackTitle "CM"]
[WhiteFideId "1724517"]
[BlackFideId "1706136"]
[WhiteElo "1637"]
[BlackElo "2229"]

1. e4 e5 2. Nf3 Nc6 3. Bb5 a6 4. Ba4 Nf6 5. d3 Bc5 6. O-O b5 7. Bb3 O-O 8. c3 d5 9. h3 Be6 10.
Re1 Re8 11. Bg5 dxe4 12. dxe4 Qxd1 13. Bxd1 Nd7 14. Nbd2 f6 15. Bh4 g5 16. Bg3 Rad8 17. Bb3 Bb6 18. Bxe6+ Rxe6 19. Rad1 Nc5 20.
Nb3 Rxd1 21. Rxd1 Nxe4 22. Kf1 h5 23. h4 g4 24. Nfd2 Nxg3+ 25. fxg3 e4 26. Ke2 Kf7 27. Nf1 Ke7 28.
Ne3 Bxe3 29. Kxe3 Ne5 30. Nd4 Nc4+ 31. Ke2 Rb6 32. b3 Nd6 33. Ke3 c5 34. Ne2 Rb8 35. Nf4 Nf5+ 36. Kf2 e3+ 37.
Ke2 Nxg3+ 38. Kxe3 Nf5+ 39. Ke4 Nxh4 40. Nxh5 f5+ 41. Ke5 Nxg2 42. Rd2 Nh4 43. Rd6 Nf3+ 44. Kd5 Rf8 45. Re6+ Kd7 46.
Nf6+ Kc8 47. Rxa6 Kb7 48. Re6 g3 49. Kxc5 g2 50. Kxb5 g1=Q 51. Re7+ Ka8 52. Nd7 Rb8+ 53. Nxb8 Kxb8 54.
Kc6 Qg6+ 55. Kb5 Qd6 56. Re8+ Kc7 57. Rg8 Qd5+ 0-1

[Event "SS Manhem Chess Week 2022: Goteborg Open"]
[Site "Schackcentrum, Vegagatan 20, Gothenburg, Sweden"]
[Date "2022.08.12"]
[Round "1.4"]
[White "Rasti, Arvin"]
[Black "Persson, Sebastian"]
[Result "0-1"]
[TimeControl "15 minutes + 5 seconds per move from move one (Round 1 - 4) / 90 minutes + 30 seconds per move from move one (Round 5 - 8)"]
[WhiteFideId "1741160"]
[BlackFideId "1764187"]
[WhiteElo "2156"]
[BlackElo "1631"]

1. e4 c6 2. d4 d5 3. e5 Bf5 4. h4 h5 5. Bd3 Bxd3 6. Qxd3 e6 7. Ne2 Nh6 8. c4 dxc4 9. Qxc4 Nd7 10.
Nbc3 Nb6 11. Qd3 Qc7 12. Bg5 Be7 13. Rc1 Qd7 14. O-O Bxg5 15. hxg5 Nf5 16. Ne4 h4 17. Rfd1 Qe7 18. a3 Rd8 19.
Qf3 Nd5 20. Qg4 h3 21. gxh3 Rh4 22. Qf3 f6 23. exf6 gxf6 24. N4g3 Rxh3 25. Qg4 Rh4 26. Qf3 Rh3 27. Re1 fxg5 28.
Qe4 Rh4 29. Qg2 Nxg3 30. Nxg3 Qf6 31. Re4 Nf4 32. Qf1 Rxd4 33. Rxd4 Qxd4 34. Qe1 Nh3+ 35. Kf1 Qd3+ 36. Kg2 Qd5+ 37. Kf1 Nf4 38. Kg1 Qg2# 0-1

[Event "SS Manhem Chess Week 2022: Goteborg Open"]
[Site "Schackcentrum, Vegagatan 20, Gothenburg, Sweden"]
[Date "2022.08.12"]
[Round "1.5"]
[White "Imani Lasaki, Hamed"]
[Black "Wahlstrom, Lennart"]
[Result "0-1"]
[TimeControl "15 minutes + 5 seconds per move from move one (Round 1 - 4) / 90 minutes + 30 seconds per move from move one (Round 5 - 8)"]
[WhiteFideId "1766970"]
[BlackFideId "1706829"]
[WhiteElo "1577"]
[BlackElo "2115"]

1. e4 e5 2. Nf3 Nc6 3.
Bc4 Nf6 4. Ng5 d5 5. exd5 Na5 6. Qe2 Nxc4 7. Qxc4 Nxd5 8. d4 Be7 9. Ne4 Nb6 10. Qb5+ c6 11. Qxe5 O-O 12. c3 Re8 13.
Qg3 Bh4 14. Qf4 f5 15. O-O Rxe4 16. Qf3 Bg5 17. Bxg5 Qxg5 18. Na3 Be6 19. Rfe1 Bd5 20. Qg3 Qxg3 21. hxg3 Rae8 22. Rxe4 Re7 23. Re6 Rxe6 24. Nc2 Re2 25. Ne3 Be4 26. b3 Nd5 27. c4 Nxe3 28. fxe3 Rxg2+ 29. Kf1 Rxg3 30. Re1 h5 31. Ke2 h4 32.
Rf1 h3 33. Rf4 g5 34. Rxe4 fxe4 35. d5 h2 36. Kf2 Rh3 37. d6 h1=Q 38. d7 Qf3+ 39. Kg1 Rh1# 0-1

[Event "SS Manhem Chess Week 2022: Goteborg Open"]
[Site "Schackcentrum, Vegagatan 20, Gothenburg, Sweden"]
[Date "2022.08.12"]
[Round "1.6"]
[White "Kasib, Laith"]
[Black "Braby, Berth S"]
[Result "1-0"]
[TimeControl "15 minutes + 5 seconds per move from move one (Round 1 - 4) / 90 minutes + 30 seconds per move from move one (Round 5 - 8)"]
[WhiteTitle "FM"]
[WhiteFideId "4801059"]
[BlackFideId "1715836"]
[WhiteElo "2051"]
[BlackElo "1566"]

1. d4 d5 2. c4 e6 3. Nc3 Nf6 4. Bg5 Be7 5. cxd5 exd5 6. Qc2 h6 7. Bf4 Bd6 8. Bg3 c6 9. e3 O-O 10.
Bd3 Na6 11. a3 b5 12. b4 Nc7 13.
Nf3 a5 14. Rb1 axb4 15. axb4 Na6 16.
Bxd6 Qxd6 17. Qb3 Bg4 18. Ne5 Be6 19. f4 Ng4 20. Nd1 Nxe5 21. fxe5 Qd7 22. O-O Ra7 23. Nc3 Rfa8 24. Ne2 Nc7 25.
Ng3 Ra3 26. Qd1 Na6 27. Rb2 Qe7 28. Qd2 Nc7 29. h3 Qg5 30. Kh2 Ra1 31. Bb1 h5 32. e4 Qxd2 33. Rxd2 dxe4 34. Nxe4 Bd5 35.
Nd6 Rf8 36. Bh7+ Kxh7 37. Rxa1 Ne6 38. Ra7 Nf4 1-0

[Event "SS Manhem Chess Week 2022: Goteborg Open"]
[Site "Schackcentrum, Vegagatan 20, Gothenburg, Sweden"]
[Date "2022.08.12"]
[Round "1.7"]
[White "Josefsson, Ivar"]
[Black "Pettersson, Anders"]
[Result "0-1"]
[TimeControl "15 minutes + 5 seconds per move from move one (Round 1 - 4) / 90 minutes + 30 seconds per move from move one (Round 5 - 8)"]
[WhiteFideId "1766040"]
[BlackFideId "1715143"]
[WhiteElo "1565"]
[BlackElo "2042"]

1. d4 Nf6 2. c4 c5 3. d5 a6 4. Nc3 b5 5. cxb5 axb5 6. Nxb5 e6 7. Nc3 exd5 8. Nxd5 Bb7 9. Bg5 Bxd5 10.
Bxf6 Qxf6 11. Qxd5 Qxb2 12. Qe4+ Be7 13. Rb1 Qxa2 14. Nf3 d5 15. Qf5 O-O 16. e3 g6 17. Qd3 c4 18. Qd1 Qa5+ 19.
Ke2 Nc6 20. Nd4 Nxd4+ 21. Qxd4 Bc5 22. Qb2 c3 23. Qc2 Rfb8 24. Rxb8+ Rxb8 25. Kf3 Rb2 26. Qd3 Rd2 0-1

[Event "SS Manhem Chess Week 2022: Goteborg Open"]
[Site "Schackcentrum, Vegagatan 20, Gothenburg, Sweden"]
[Date "2022.08.12"]
[Round "1.8"]
[White "Johansson, William"]
[Black "Karlsson, Stefan"]
[Result "0-1"]
[TimeControl "15 minutes + 5 seconds per move from move one (Round 1 - 4) / 90 minutes + 30 seconds per move from move one (Round 5 - 8)"]
[WhiteFideId "1744070"]
[BlackFideId "1771183"]
[WhiteElo "2015"]
[BlackElo "1560"]

1. d4 Nf6 2. Nf3 d6 3. Nc3 g6 4. e4 Bg7 5. h3 Nbd7 6. Bf4 b6 7. Bh2 Bb7 8. e5 Ne4 9. Nxe4 Bxe4 10. e6 fxe6 11. Ng5 Bf5 12.
g4 Bh6 13. gxf5 Bxg5 14. fxe6 Nf6 15.
Bb5+ Kf8 16. Bc6 Rb8 17. O-O Kg7 18. Kh1 Nh5 19.
Qg4 Bh6 20. f4 Nf6 21. Qg2 Rg8 22. Bg3 Nh5 23. f5 Kh8 24. f6 Nxf6 25. Rae1 Qf8 26. d5 Qg7 27. Bf2 Nh5 28. Re4 Rbf8 29. Kg1 Nf4 30. Bd4 Nxg2 31. Bxg7+ Bxg7 32. Rf7 Ne3 33. Rxe3 Bd4 34. Kf2 Rxf7+ 35. exf7 Rf8 36. Be8 Bxe3+ 37. Kxe3 Kg7 38. Kd4 Rxf7 39.
Bxf7 Kxf7 40. Kc4 a6 41. Kd4 Kf6 42.
Ke4 h6 43. h4 e6 44. c4 e5 45. a4 a5 46. b3 g5 47. h5 g4 48. Ke3 Kg5 49. Kf2 Kxh5 50. Kg3 Kg5 51. Kg2 Kf4 52.
Kf2 h5 53. Kg2 h4 54. Kh2 h3 55.
Kh1 g3 56. Kg1 Ke3 57. Kf1 Kf3 58. Kg1 g2 0-1

[Event "SS Manhem Chess Week 2022: Goteborg Open"]
[Site "Schackcentrum, Vegagatan 20, Gothenburg, Sweden"]
[Date "2022.08.12"]
[Round "1.9"]
[White "Al Saab, Ranny"]
[Black "Asbrink, Adam"]
[Result "0-1"]
[TimeControl "15 minutes + 5 seconds per move from move one (Round 1 - 4) / 90 minutes + 30 seconds per move from move one (Round 5 - 8)"]
[WhiteFideId "1768360"]
[BlackFideId "1767410"]
[WhiteElo "1516"]
[BlackElo "1977"]

1. e4 c6 2. d4 d5 3. exd5 cxd5 4. Bf4 Nc6 5. Nc3 Bf5 6. Bd3 Bxd3 7. Qxd3 e6 8. Nf3 Nf6 9. O-O a6 10.
h3 Be7 11. Rfe1 O-O 12. Re3 Rc8 13. a3 Na5 14. Rae1 Nc4 15. R3e2 Nxb2 16. Qe3 Nc4 17. Qd3 Bxa3 18. Bg5 Nb2 19.
Qe3 Bb4 20. Nh2 Rxc3 21. Qf4 Be7 22.
Rb1 Nc4 23. Rxb7 Nd6 24. Rxe7 Qxe7 25. Bxf6 Qxf6 26. Qxd6 Qxd4 27. Qxa6 Qd1+ 28. Nf1 Rxc2 29. Rxc2 Qxc2 30. Ng3 g6 31.
Qd6 Qb2 32. Qf4 Ra8 33. Kh2 Ra2 34. Nh1 Kg7 35. Qg3 Ra3 36. Qf4 Qf6 37. Qd2 Qe5+ 38. g3 Rb3 39. Qd1 Rb2 40. Qf3 f6 41.
Kg2 Qe4 42. Qxe4 dxe4 43. g4 f5 44.
Ng3 e3 45. Kf1 Rxf2+ 46. Ke1 0-1

[Event "SS Manhem Chess Week 2022: Goteborg Open"]
[Site "Schackcentrum, Vegagatan 20, Gothenburg, Sweden"]
[Date "2022.08.12"]
[Round "1.10"]
[White "Fransson, Lennart"]
[Black "Stedman, Theodor"]
[Result "1-0"]
[TimeControl "15 minutes + 5 seconds per move from move one (Round 1 - 4) / 90 minutes + 30 seconds per move from move one (Round 5 - 8)"]
[WhiteFideId "1706756"]
[BlackFideId "1756230"]
[WhiteElo "1958"]
[BlackElo "1474"]

1. e4 e5 2. Nf3 Nc6 3. Bc4 d6 4. h3 h6 5. d4 exd4 6. Nxd4 Nf6 7. Nc3 Ne5 8. Be2 Be7 9. O-O c5 10.
Nf3 Nxf3+ 11. Bxf3 O-O 12. Bf4 a6 13. Qd2 Qb6 14. Rad1 Be6 15. b3 Rac8 16. Na4 Qb4 17. c3 Qb5 18.
Bxd6 Rfd8 19. Qf4 Bxd6 20. Rxd6 Rxd6 21. Qxd6 Qd7 22. Qf4 Qc7 23. Qxc7 Rxc7 24. Rd1 c4 25. b4 b5 26. Nc5 Nd7 27.
Nxe6 fxe6 28. Rd6 Ra7 29. Rxe6 a5 30. bxa5 Rxa5 31. Bh5 Rxa2 32.
Re7 Nf6 33. Bg6 Kf8 34. Rf7+ Kg8 35. Rb7 Kf8 36. Rf7+ Kg8 37. Rb7 Kf8 38. e5 Nd5 39. Rf7+ Kg8 40. Rd7 Ra1+ 41. Kh2 Ra8 42.
Rxd5 Kf8 43. Rd7 Rb8 44. e6 b4 45. e7+ Kg8 46. Rd8+ 1-0

[Event "SS Manhem Chess Week 2022: Goteborg Open"]
[Site "Schackcentrum, Vegagatan 20, Gothenburg, Sweden"]
[Date "2022.08.12"]
[Round "1.11"]
[White "Ghaderi, Jamal"]
[Black "Eriksson, Joel"]
[Result "0-1"]
[TimeControl "15 minutes + 5 seconds per move from move one (Round 1 - 4) / 90 minutes + 30 seconds per move from move one (Round 5 - 8)"]
[WhiteFideId "1744178"]
[BlackFideId "1729233"]
[WhiteElo "1411"]
[BlackElo "1949"]

1. d4 f5 2. c4 Nf6 3. Nc3 e6 4. Bf4 b6 5. Nf3 Bb4 6. Qc2 Bb7 7. Ne5 Ne4 8. a3 Bxc3+ 9. bxc3 O-O 10.
h3 d6 11. Nf3 Nd7 12. e3 Qe8 13. Ng5 e5 14. dxe5 dxe5 15. Nxh7 Kxh7 16. Bh2 Ndc5 17. Be2 Rd8 18. Rd1 Qe7 19.
O-O Kh8 20. Bf3 Nd6 21. Bxb7 Ncxb7 22. Rd5 Nxc4 23. Rxd8 Nxd8 24. Qa4 Na5 25. Rd1 Ndc6 26. e4 f4 27. f3 Rd8 28. Kh1 Rxd1+ 29. Qxd1 Qd8 30. Qb1 Qd2 31. c4 Nxc4 32. Qb3 Ne3 0-1

[Event "SS Manhem Chess Week 2022: Goteborg Open"]
[Site "Schackcentrum, Vegagatan 20, Gothenburg, Sweden"]
[Date "2022.08.12"]
[Round "1.12"]
[White "Ottgard, Andreas"]
[Black "Hammar, Arvid"]
[Result "1-0"]
[TimeControl "15 minutes + 5 seconds per move from move one (Round 1 - 4) / 90 minutes + 30 seconds per move from move one (Round 5 - 8)"]
[WhiteFideId "1730592"]
[BlackFideId "1735977"]
[WhiteElo "1883"]
[BlackElo "1384"]

1. c4 e5 2. g3 Bc5 3. Bg2 Nf6 4. Nc3 O-O 5. e3 c6 6. Nge2 d5 7. cxd5 cxd5 8. d4 exd4 9. Nxd4 Nc6 10.
Nb3 Bb4 11. O-O Bxc3 12. bxc3 Bg4 13. Qd3 Ne5 14. Qb5 b6 15. Bb2 a6 16. Qb4 Nd3 17. Qa3 Ne4 18. f3 Bxf3 19. Bxf3 Qg5 20.
Rae1 Nxe1 21. Rxe1 Nxg3 22. Bg2 Ne4 23. c4 Qf5 24. Rf1 Qg5 25. Nd4 Qxe3+ 26. Qxe3 Rfe8 27. cxd5 Nf6 28. Qg3 Rad8 29.
Nf5 Nh5 30. Qg5 g6 31. Nh6+ Kf8 32. Rxf7# 1-0

[Event "SS Manhem Chess Week 2022: Goteborg Open"]
[Site "Schackcentrum, Vegagatan 20, Gothenburg, Sweden"]
[Date "2022.08.12"]
[Round "1.13"]
[White "Ghaderi, Noan"]
[Black "Degerfeldt, Sven"]
[Result "0-1"]
[TimeControl "15 minutes + 5 seconds per move from move one (Round 1 - 4) / 90 minutes + 30 seconds per move from move one (Round 5 - 8)"]
[WhiteFideId "1747096"]
[BlackFideId "1717430"]
[WhiteElo "1367"]
[BlackElo "1842"]

1. e4 c5 2. Nf3 Nc6 3. d4 cxd4 4.
Nxd4 Nf6 5. Nc3 d6 6. f4 e6 7. Bd3 Nxd4 8. e5 Nd7 9.
exd6 Bxd6 10. O-O a6 11. Re1 Nf6 12. Kh1 O-O 13. Bxh7+ Nxh7 14. Qxd4 Nf6 15. Qf2 b5 16. Be3 Ng4 17.
Qf3 Nxe3 18. Qxe3 Qc7 19. Rf1 f5 20. Rad1 Bc5 21. Qe2 Rf6 22. Rd3 Bb7 23. Rg3 Qf7 24. Qe5 Bb6 25. Ne2 Rd8 26.
c3 Rg6 27. Rxg6 Qxg6 28. Ng3 Qf7 29. Qe2 Bd5 30. Rd1 Bc7 0-1

[Event "SS Manhem Chess Week 2022: Goteborg Open"]
[Site "Schackcentrum, Vegagatan 20, Gothenburg, Sweden"]
[Date "2022.08.12"]
[Round "1.14"]
[White "Mohammed, Safian Haj"]
[Black "Torres, Lucas"]
[Result "1-0"]
[TimeControl "15 minutes + 5 seconds per move from move one (Round 1 - 4) / 90 minutes + 30 seconds per move from move one (Round 5 - 8)"]
[WhiteFideId "1729276"]
[BlackFideId "1769464"]
[WhiteElo "1794"]
[BlackElo "1331"]

1. e4 e5 2. Nf3 Nc6 3. Bb5 a6 4. Ba4 Nf6 5. O-O b5 6. Bb3 Bc5 7. Re1 O-O 8. c3 d6 9. d4 exd4 10. cxd4 Bb6 11. h3 h6 12. a4 Rb8 13. axb5 axb5 14. Nc3 b4 15.
Na4 Ba7 16. Bc2 Bd7 17. b3 Re8 18. Nb2 Bb6 19. Nc4 d5 20. Nxb6 Rxb6 21. e5 Nh7 22. Qd3 Nf8 23. Be3 Rb8 24.
Nd2 Qe7 25. f4 f5 26. exf6 Qxf6 27. Nf3 Ra8 28. Ne5 Nxe5 29. fxe5 Qe7 30. Rf1 Reb8 31. Bd2 Bb5 32. Qf3 Bxf1 33.
Qxd5+ Kh8 34. Rxa8 Rxa8 35. Qxa8 Bb5 36. Qe4 Qe6 37. Qf3 Bc6 38. Qxf8+ Qg8 39. Qxg8+ Kxg8 40. Bxb4 Kf7 41. Kf2 Ke6 42.
g4 g6 43. Bxg6 Bd5 44. Bc2 c6 45. Ke3 Kf7 46. Be4 Ke6 47. Bxd5+ cxd5 48. Bf8 1-0

[Event "SS Manhem Chess Week 2022: Goteborg Open"]
[Site "Schackcentrum, Vegagatan 20, Gothenburg, Sweden"]
[Date "2022.08.12"]
[Round "1.15"]
[White "Persson, Michael"]
[Black "Westlund, Tim"]
[Result "0-1"]
[TimeControl "15 minutes + 5 seconds per move from move one (Round 1 - 4) / 90 minutes + 30 seconds per move from move one (Round 5 - 8)"]
[WhiteFideId "1764179"]
[BlackFideId "1754718"]
[WhiteElo "1267"]
[BlackElo "1760"]

1. d4 Nf6 2. c4 e6 3. a3 d5 4. e3 Bd6 5. Nc3 O-O 6. Nf3 Nbd7 7. Be2 c6 8. O-O Ne4 9. cxd5 exd5 10.
Bd3 Re8 11. Re1 Ndf6 12. Nd2 Bxh2+ 13. Kf1 Nxf2 14. Kxf2 Ng4+ 15. Ke2 Rxe3+ 16. Kf2 Qh4+ 17. g3 Qxg3+ 18. Kf1 Qg1# 0-1

[Event "SS Manhem Chess Week 2022: Goteborg Open"]
[Site "Schackcentrum, Vegagatan 20, Gothenburg, Sweden"]
[Date "2022.08.12"]
[Round "1.16"]
[White "Wickstrom, Lars"]
[Black "Andreasson, Leo"]
[Result "1-0"]
[TimeControl "15 minutes + 5 seconds per move from move one (Round 1 - 4) / 90 minutes + 30 seconds per move from move one (Round 5 - 8)"]
[WhiteFideId "1770837"]
[BlackFideId "1768980"]
[WhiteElo "1753"]
[BlackElo "1132"]

1. e4 e6 2. d4 d5 3. Nc3 dxe4 4. Nxe4 Nd7 5. Nf3 Ngf6 6. Ng3 Bd6 7. Bd3 O-O 8. O-O h6 9. Re1 b6 10.
Ne5 Bb7 11. f4 c5 12. Ne4 Be7 13. c3 Rc8 14. Qf3 Ba8 15. f5 Qc7 16. fxe6 fxe6 17. Qh3 Nxe4 18. Qxe6+ Kh8 19. Ng6+ Kh7 20.
Nxf8+ Kh8 21. Nxd7 Ng5 22. Qxe7 Qb7 23. Qe8+ 1-0

[Event "SS Manhem Chess Week 2022: Goteborg Open"]
[Site "Schackcentrum, Vegagatan 20, Gothenburg, Sweden"]
[Date "2022.08.12"]
[Round "1.17"]
[White "Andreasson, Henrik"]
[Black "Jonbrink, Per-Olof"]
[Result "0-1"]
[TimeControl "15 minutes + 5 seconds per move from move one (Round 1 - 4) / 90 minutes + 30 seconds per move from move one (Round 5 - 8)"]
[WhiteFideId "1766082"]
[BlackFideId "1720163"]
[WhiteElo "1126"]
[BlackElo "1728"]

1. d4 d5 2. c4 e6 3. Nf3 Nf6 4. e3 c6 5. Be2 Nbd7 6. O-O dxc4 7. Bxc4 b5 8. Be2 Bb7 9. a4 a6 10.
Nbd2 Be7 11. e4 O-O 12. b3 bxa4 13. Rxa4 c5 14. Bd3 cxd4 15. Rxd4 Qb6 16. Nc4 Qc7 17. Bc2 Nc5 18. Re1 Rfd8 19.
Rxd8+ Rxd8 20. Ncd2 Ncxe4 21. Bxe4 Nxe4 22. Qe2 Nc3 23. Qe3 Nd5 24. Qe2 h6 25. Bb2 Bf6 26. Rc1 Qe7 27. Bxf6 Qxf6 28.
Ne4 Qe7 29. h3 Qb4 30. Rc3 Nxc3 31. Nxc3 Qxc3 32. Ne5 Qxb3 33. Qh5 Qd1+ 34. Kh2 Qxh5 0-1

[Event "SS Manhem Chess Week 2022: Goteborg Open"]
[Site "Schackcentrum, Vegagatan 20, Gothenburg, Sweden"]
[Date "2022.08.12"]
[Round "2.1"]
[White "Heimisson, Hilmir Freyr"]
[Black "Degerfeldt, Sven"]
[Result "1-0"]
[TimeControl "15 minutes + 5 seconds per move from move one (Round 1 - 4) / 90 minutes + 30 seconds per move from move one (Round 5 - 8)"]
[WhiteTitle "IM"]
[WhiteFideId "2309998"]
[BlackFideId "1717430"]
[WhiteElo "2323"]
[BlackElo "1842"]

1. c4 Nf6 2. Nc3 c5 3. Nf3 Nc6 4. g3 d6 5. Bg2 g6 6. O-O Bg7 7. d4 cxd4 8. Nxd4 Bd7 9. b3 O-O 10. Bb2 a6 11. Nc2 Rc8 12.
Ne3 Ne8 13. Qd2 e6 14. Rac1 h5 15. Rfd1 Qa5 16. a3 h4 17. b4 Qh5 18. Ne4 hxg3 19. hxg3 Bxb2 20. Qxb2 Ne5 21. Nxd6 Nxd6 22.
Rxd6 Bc6 23. Bxc6 Rxc6 24. Rd4 g5 25. Kg2 Qg6 26. Rh1 Rfc8 27. Ng4 Qg7 28. Nxe5 1-0

[Event "SS Manhem Chess Week 2022: Goteborg Open"]
[Site "Schackcentrum, Vegagatan 20, Gothenburg, Sweden"]
[Date "2022.08.12"]
[Round "2.2"]
[White "Westlund, Tim"]
[Black "Jacobsen, Mikkel Manosri"]
[Result "0-1"]
[TimeControl "15 minutes + 5 seconds per move from move one (Round 1 - 4) / 90 minutes + 30 seconds per move from move one (Round 5 - 8)"]
[BlackTitle "FM"]
[WhiteFideId "1754718"]
[BlackFideId "1444514"]
[WhiteElo "1760"]
[BlackElo "2320"]

1. e4 c6 2. d4 d5 3.
exd5 cxd5 4. Bd3 Nc6 5. c3 Nf6 6. Bf4 Bg4 7. Qb3 Qd7 8. Nd2 e6 9. Ngf3 Bd6 10. Bg3 O-O 11. Ne5 Qc7 12.
Nxg4 Nxg4 13. Bb1 g6 14. Nf3 b5 15. Bxd6 Qxd6 16. O-O b4 17. h3 Nf6 18. cxb4 Nxb4 19. a3 Nc6 20. Re1 Rfc8 21.
Qd3 Ne4 22. Nd2 Nxd2 23. Qxd2 Qc7 24. Ba2 Qb6 25. Red1 Rab8 26. b4 a5 27. bxa5 Nxa5 28. Rab1 Qa6 29. Rdc1 Rxb1 30. Rxb1 Nc4 31.
Bxc4 Qxc4 32. Qb4 Kg7 33. a4 Qe2 34. Rf1 Rc2 35. a5 Ra2 36. Qc5 h5 37. Qb6 g5 38. Qc7 g4 39. Qd8 Qd2 40. hxg4 hxg4 41. Qb6 g3 42.
Qd8 gxf2+ 43. Kh2 Qh6+ 44. Kg3 Qg6+ 45. Kh2 Qf6 46. Qxf6+ Kxf6 47. Kg3 Rxa5 48. Rxf2+ Kg6 49. Kf4 f6 50. Rd2 Ra4 51. Ke3 Kg5 52.
Kf3 Kf5 53. Rd3 Ra2 54. Re3 e5 55. Rd3 e4+ 0-1

[Event "SS Manhem Chess Week 2022: Goteborg Open"]
[Site "Schackcentrum, Vegagatan 20, Gothenburg, Sweden"]
[Date "2022.08.12"]
[Round "2.3"]
[White "Nygren, Kim"]
[Black "Mohammed, Safian Haj"]
[Result "1-0"]
[TimeControl "15 minutes + 5 seconds per move from move one (Round 1 - 4) / 90 minutes + 30 seconds per move from move one (Round 5 - 8)"]
[WhiteTitle "CM"]
[WhiteFideId "1706136"]
[BlackFideId "1729276"]
[WhiteElo "2229"]
[BlackElo "1794"]

1. e4 c5 2. Nf3 Nc6 3. b4 Nxb4 4. c3 Nc6 5. d4 cxd4 6. cxd4 e6 7. d5 Bb4+ 8. Nbd2 exd5 9. exd5 Qe7+ 10.
Be2 Ne5 11. O-O Nf6 12. Rb1 Nxf3+ 13. Bxf3 O-O 14. Nc4 Qc5 15. Qb3 Ba5 16. Ba3 Qc7 17. Bxf8 Kxf8 18. Qa3+ 1-0

[Event "SS Manhem Chess Week 2022: Goteborg Open"]
[Site "Schackcentrum, Vegagatan 20, Gothenburg, Sweden"]
[Date "2022.08.12"]
[Round "2.4"]
[White "Wahlstrom, Lennart"]
[Black "Wickstrom, Lars"]
[Result "1-0"]
[TimeControl "15 minutes + 5 seconds per move from move one (Round 1 - 4) / 90 minutes + 30 seconds per move from move one (Round 5 - 8)"]
[WhiteFideId "1706829"]
[BlackFideId "1770837"]
[WhiteElo "2115"]
[BlackElo "1753"]

1. e4 c5 2. Nf3 Nc6 3. d4 cxd4 4.
Nxd4 Nf6 5. Nc3 e5 6. Nf5 d5 7.
Nxd5 Nxd5 8. exd5 Bxf5 9. dxc6 bxc6 10. Be3 Be7 11. Qxd8+ Bxd8 12. Bd3 Bxd3 13. cxd3 Bb6 14.
Rc1 O-O 15. Rxc6 Rac8 16. Rxc8 Rxc8 17. Kd1 Kf8 18. Bxb6 axb6 19. Kd2 Ke7 20. Rc1 Rd8 21. Rc7+ Ke8 22. Kc3 Rd6 23. Kd2 Rf6 24.
Ke3 Kd8 25. Rb7 Kc8 26. Re7 Kd8 27.
Rxe5 1-0

[Event "SS Manhem Chess Week 2022: Goteborg Open"]
[Site "Schackcentrum, Vegagatan 20, Gothenburg, Sweden"]
[Date "2022.08.12"]
[Round "2.5"]
[White "Jonbrink, Per-Olof"]
[Black "Kasib, Laith"]
[Result "0-1"]
[TimeControl "15 minutes + 5 seconds per move from move one (Round 1 - 4) / 90 minutes + 30 seconds per move from move one (Round 5 - 8)"]
[BlackTitle "FM"]
[WhiteFideId "1720163"]
[BlackFideId "4801059"]
[WhiteElo "1728"]
[BlackElo "2051"]

1. e4 c5 2. Nf3 d6 3. d4 cxd4 4. Nxd4 Nf6 5. Nc3 g6 6. Be3 Bg7 7. Be2 Nc6 8. O-O O-O 9. Nb3 e6 10. Qe1 d5 11. exd5 exd5 12. Rd1 Be6 13. Qd2 Ne4 14.
Nxe4 dxe4 15. Nd4 Nxd4 16. Bxd4 Qxd4 17. Qxd4 Bxd4 18. Rxd4 Rfc8 19. c4 f5 20. Rfd1 Kf7 21. b4 Ke7 22.
a3 a5 23. c5 axb4 24. axb4 Ra2 25. Bc4 Bxc4 26. Rxc4 Rd8 27. Rcc1 Rxd1+ 28. Rxd1 Rb2 29. h4 Rxb4 30. g3 Rb2 31. Kf1 Rb5 32. Rc1 Kd7 33. Ke2 Kc6 34. Rd1 Rxc5 35. Rd8 Rc2+ 36.
Ke3 Rc3+ 37. Ke2 Rd3 0-1